 Dungeon Crawl Stone Soup version 0.27-a0-417-g317cea8a3c (webtiles) character file.

Game seed: 8794828339211036029

28826 omnomnOMINOUS the Destroyer (level 13, -11/117 HPs)
             Began as a Black Draconian Conjurer on Feb 25, 2021.
             Was a High Priest of Vehumet.
             Killed from afar by an ice dragon (25 damage)
             ... with a blast of cold
             ... on level 6 of the Lair of Beasts.
             The game lasted 00:58:15 (16694 turns).

omnomnOMINOUS the Destroyer (DrCj)                 Turns: 16694, Time: 00:58:16

Health: -11/117    AC: 11    Str: 11    XL:     13   Next: 11%
Magic:  9/22       EV: 19    Int: 23    God:    Vehumet [*****.]
Gold:   498        SH:  0    Dex:  9    Spells: 13/24 levels left

rFire    . . .     SeeInvis .   a - +1 trident (venom)
rCold    + . .     Faith    .   T - +0 buckler
rNeg     . . .     Spirit   .   (armour unavailable)
rPois    .         Reflect  .   O - +1 hat
rElec    +         Harm     .   n - +0 cloak
rCorr    .         Rampage  .   N - +0 pair of gloves
Will     .....                  (no boots)
Stlth    +.........             Q - amulet of regeneration
HPRegen  1.29/turn              b - +4 ring of evasion
MPRegen  0.18/turn              o - ring of protection from cold

@: confused, short of breath
A: breathe lightning, unfitting armour, electricity resistance, cold-blooded, AC
+8
a: Breathe Lightning, Renounce Religion


You were on level 6 of the Lair of Beasts.
You worshipped Vehumet.
Vehumet was extremely pleased with you.
You visited 3 branches of the dungeon, and saw 15 of its levels.
You also visited: Sewer.

You collected 594 gold pieces.
You spent 96 gold pieces at shops.

Inventory:

Hand Weapons
 a - a +1 trident of venom (weapon)
 i - a +6 great sword
 r - a +3 battleaxe of freezing
 C - a +2 whip of flaming
 E - a +1 scimitar of flaming
 G - a +4 halberd
Armour
 n - a +0 cloak (worn)
 N - a +0 pair of gloves (worn)
 O - a +1 hat (worn)
 T - a +0 buckler (worn)
Jewellery
 b - a +4 ring of evasion (left hand)
 o - a ring of protection from cold (right hand)
 v - a ring of fire
 w - a ring of protection from cold
 z - an amulet of magic regeneration
 Q - an amulet of regeneration (around neck)
Wands
 c - a wand of paralysis (17)
 q - a wand of digging (6)
 I - a wand of random effects (34)
 J - a wand of flame (26)
 L - a wand of iceblast (8)
Scrolls
 d - 3 scrolls of amnesia
 f - 3 scrolls of blinking
 g - a scroll of immolation {unknown}
 h - 10 scrolls of teleportation
 l - a scroll of random uselessness {unknown}
 s - a scroll of fear {unknown}
 y - a scroll of enchant weapon {unknown}
 A - 3 scrolls of magic mapping
 F - a scroll of noise {unknown}
 H - 3 scrolls of enchant armour {unknown}
 K - a scroll of acquirement {unknown}
Potions
 e - 5 potions of flight
 j - 9 potions of curing
 k - a potion of invisibility
 m - a potion of haste
 p - 3 potions of might
 t - 3 potions of brilliance
 u - 9 potions of ambrosia
 x - a potion of attraction {unknown}
 D - a potion of berserk rage {unknown}
 M - 2 potions of magic
 S - a potion of lignification {unknown}
Miscellaneous
 P - a condenser vane
 R - a box of beasts (inert)


   Skills:
 + Level 11.7 Fighting
 + Level 10.1 Dodging
 - Level 1.7 Stealth
 - Level 4.0 Shields
 - Level 6.0 Spellcasting
 * Level 13.4 Conjurations
 - Level 8.0 Air Magic


You had 13 spell levels left.
You knew the following spells:

 Your Spells              Type           Power        Failure   Level
a - Magic Dart            Conj           100%         1%          1
b - Searing Ray           Conj           100%         1%          2
c - Static Discharge      Conj/Air       54%          1%          3
d - Iskenderun's Battles  Conj           62%          1%          5

Your spell library contained the following spells:

 Spells                   Type           Power        Failure   Level
 Hailstorm                Conj/Ice       37%          1%          4
 Dazzling Flash           Conj/Hex       74%          1%          3
 Fulminant Prism          Conj/Hex       18%          1%          4
 Iskenderun's Mystic Bla  Conj/Tloc      37%          1%          4
 Orb of Destruction       Conj           31%          8%          7
 Animate Skeleton         Necr           12%          9%          1
 Beastly Appendage        Tmut           12%          9%          1
 Pain                     Necr           24%          9%          1
 Bolt of Magma            Conj/Fire/Erth 13%          11%         5
 Wereblood                Tmut           6%           13%         2
 Iron Shot                Conj/Erth      18%          21%         6
 Spider Form              Tmut/Pois      3%           26%         3
 Vampiric Draining        Necr           3%           26%         3
 Animate Dead             Necr           3%           63%         4
 Ice Form                 Ice/Tmut       6%           63%         4
 Spellforged Servitor     Conj/Summ      18%          71%         7
 Agony                    Necr           6%           93%         5
 Blade Hands              Tmut           3%           93%         5


Dungeon Overview and Level Annotations

Branches:
Dungeon (9/15)             Temple (1/1) D:4            Lair (4/6) D:9
  Swamp (0/4) Lair:3       Spider (0/4) Lair:3        Sewer (visited)
    Orc: D:9-12

Altars:
Ashenzari
Cheibriados
Dithmenos
Elyvilon
Fedhas
Gozag
Hepliaklqana
Kikubaaqudgha
Makhleb
Nemelex Xobeh
Okawaru
Qazlal
Ru
Sif Muna
Trog
Uskayaw
Vehumet
Wu Jian
Xom
Yredelemnul
Zin
The Shining One

Shops:
D:5 !

Portals:
Ice
Cave: Lair:6


Innate Abilities, Weirdness & Mutations

You can breathe wild blasts of lightning.
Your glossy black scales are hard. (AC +8)
You cannot fit into any form of body armour.
You are resistant to electric shocks. (rElec)
You are cold-blooded and may be slowed by cold attacks.


Message History

The barrage of energy hits the ice dragon but does no damage.
The ice dragon is severely wounded.
The ice dragon breathes frost at you. The blast of cold hits you! You resist.
* * * LOW HITPOINT WARNING * * *
You hear a loud, deep croak!
Unknown command.
Casting: Magic Dart (safe; 1% risk of failure)
Confirm with . or Enter, or press ? or * to list all spells.
Aiming: Magic Dart (safe; 1% risk of failure)
Press: ? - help, Shift-Dir - straight line, f/p - ice dragon
Aim: an ice dragon (severely wounded, catching its breath, ally target, 0% to evade)
The magic dart hits the ice dragon.
The ice dragon is severely wounded.
Your battlesphere fires!
The barrage of energy hits the ice dragon.
The ice dragon is severely wounded.
The ice dragon bites you!
* * * LOW HITPOINT WARNING * * *
The ice dragon misses you. You block the ice dragon's attack.
Unknown command.
Aiming: Corrosive Bolt
Press: ? - help, Shift-Dir - straight line, f/p - ice dragon
Aim: an ice dragon (severely wounded, catching its breath, ally target, 21% to evade)
The bolt of acid hits the ice dragon!
The ice dragon is splashed with acid.
The ice dragon is almost dead.
The now-empty wand crumbles to dust.
The ice dragon bites you but does no damage.
The ice dragon closely misses you. The ice dragon tramples you!
* * * LOW HITPOINT WARNING * * *
You hold your ground!
Unknown command.
You are confused.
You feel invigorated.
The ice dragon bites you but does no damage.
The ice dragon misses you. The ice dragon closely misses you.
You bump into the rock wall.
The ice dragon breathes frost at you. The blast of cold hits you!! You resist.
You die...

#######
##...#.#
#*.....###.#
#..∩†.†...#
#...D.#.###
##..@## #
#####


You could see an ice dragon (catching breath, ally target) and a friendly
battlesphere.

Vanquished Creatures
  A dire elephant (Lair:3)
  3 hydras (Lair:2)
  Erica (D:8)
  Urug (Lair:1)
  2 bog bodies (Lair:3)
  A lindwurm (Lair:3)
  Pikel (D:7)
  16 elephants
  3 black mambas (Lair:2)
  Maggie (D:6)
  4 cane toads
  A centaur skeleton (D:9)
  6 komodo dragons
  A queen bee (Lair:2)
  A troll (D:9)
  A polar bear (Lair:6)
  Prince Ribbit (D:9)
  8 blink frogs
  6 dream sheep (Lair:3)
  A redback (Lair:3)
  A spriggan (Lair:3)
  A wraith (D:7)
  3 wyverns
  4 basilisks
  10 yaks
  2 swamp worms (Lair:3)
  5 water moccasins
  2 sky beasts
  2 orc warriors
  A hornet zombie (D:7)
  Purgy (Sewer)
  4 ogres
  2 black bears
  5 wolves
  4 phantoms
  6 centaurs
  4 lemures (D:7)
  6 bullfrogs
  4 scorpions
  A water moccasin skeleton (D:5)
  25 killer bees (Lair:2)
  10 wights
  3 electric eels
  A howler monkey (D:3)
  3 bullfrog zombies
  A quasit (D:9)
  7 hounds
  Crazy Yiuf (D:2)
  4 jellies
  A bullfrog skeleton (D:8)
  5 orc priests
  3 iguanas
  11 orc wizards
  9 worker ants
  A statue (D:9)
  A hound skeleton (D:8)
  2 worker ant zombies
  8 gnolls
  6 adders
  A shadow imp (D:5)
  5 white imps
  An ufetubus (D:5)
  4 oozes
  2 adder skeletons
  3 dart slugs
  2 worms (D:3)
  6 leopard geckos
  43 orcs
  2 ball pythons
  13 bats
  9 giant cockroaches
  11 hobgoblins
  6 jackals
  11 kobolds
  6 quokkas
  A ball python skeleton (D:4)
  7 frilled lizards
  A giant cockroach zombie (D:5)
  11 goblins
  3 leopard gecko skeletons
  2 quokka skeletons
  9 rats
389 creatures vanquished.

Vanquished Creatures (others)
  A polar bear (Lair:6)
  A bullfrog (D:7)
  A worker ant (D:7)
  88 fungi
  110 plants
201 creatures vanquished.

Grand Total: 590 creatures vanquished

Notes
Turn   | Place    | Note
-------+----------+-------------------------------------------
     0 | D:1      | omnomnOMINOUS the Draconian Conjurer began the quest for
                  | the Orb.
     0 | D:1      | Reached XP level 1. HP: 14/14 MP: 3/3
   138 | D:1      | Reached XP level 2. HP: 15/22 MP: 0/5
   141 | D:1      | Learned a level 2 spell: Searing Ray
   492 | D:1      | Reached skill level 1 in Fighting
   725 | D:1      | Reached XP level 3. HP: 27/28 MP: 1/6
  1690 | D:2      | Reached XP level 4. HP: 26/35 MP: 3/7
  1786 | D:2      | Found a faded altar of an unknown god.
  1792 | D:2      | Became a worshipper of Vehumet
  1792 | D:2      | Reached * piety under Vehumet
  1792 | D:2      | Offered knowledge of Sandblast by Vehumet.
  2231 | D:2      | Found a runed translucent door.
  2232 | D:2      | Noticed Crazy Yiuf
  2796 | D:2      | Killed Crazy Yiuf
  2797 | D:2      | Reached skill level 5 in Conjurations
  2902 | D:3      | Noticed a centaur
  2906 | D:2      | Reached XP level 5. HP: 41/41 MP: 6/9
  2938 | D:3      | Killed a centaur
  2944 | D:3      | Found a glowing drain.
  2967 | D:3      | Reached ** piety under Vehumet
  2990 | Sewer    | Entered a sewer
  3042 | Sewer    | Noticed Purgy
  3046 | Sewer    | Killed Purgy
  3046 | Sewer    | Offered knowledge of Foxfire by Vehumet.
  3047 | Sewer    | Reached XP level 6. HP: 38/50 MP: 4/10
  3619 | D:3      | Reached skill level 6 in Conjurations
  3761 | D:3      | Found a white marble altar of Elyvilon.
  4015 | D:3      | Your scales start taking on a glossy black colour.
  4015 | D:3      | Reached XP level 7. HP: 38/57 MP: 7/12
  4015 | D:3      | Gained mutation: You are resistant to electric shocks.
                  | (rElec) [Black Draconian growth]
  4018 | D:3      | Found a blossoming altar of Fedhas.
  4262 | D:4      | Offered knowledge of Conjure Flame by Vehumet.
  4309 | D:4      | Found a staircase to the Ecumenical Temple.
  4322 | Temple   | Entered the Ecumenical Temple
  4692 | D:4      | Reached *** piety under Vehumet
  4892 | D:4      | Found an opulent altar of Gozag.
  5470 | D:5      | Entered Level 5 of the Dungeon
  5549 | D:5      | Reached XP level 8. HP: 54/67 MP: 4/14
  5773 | D:5      | Found Muomong's Distillery.
  5786 | D:5      | Bought a potion of curing for 36 gold pieces
  5786 | D:5      | Bought a potion of heal wounds for 60 gold pieces
  5851 | D:5      | Offered knowledge of Ignite Poison by Vehumet.
  6036 | D:5      | Found a stormy altar of Qazlal.
  6305 | D:5      | Reached skill level 7 in Conjurations
  6362 | D:5      | Reached skill level 5 in Fighting
  6710 | D:6      | Reached **** piety under Vehumet
  6711 | D:6      | Reached skill level 5 in Spellcasting
  6930 | D:6      | Reached skill level 5 in Dodging
  7342 | D:6      | Noticed Maggie
  7361 | D:6      | Killed Maggie
  7362 | D:6      | Reached XP level 9. HP: 31/75 MP: 17/17
  7998 | D:7      | Offered knowledge of Static Discharge by Vehumet.
  8003 | D:7      | Learned a level 3 spell: Static Discharge
  8169 | D:7      | Reached skill level 1 in Air Magic
  8257 | D:7      | Noticed Pikel
  8666 | D:7      | Reached skill level 1 in Shields
  8666 | D:7      | Reached skill level 8 in Conjurations
  8717 | D:7      | Killed Pikel
  8832 | D:7      | Found an ornate altar of the Wu Jian Council.
  8943 | D:7      | Found a shimmering altar of Xom.
  9131 | D:8      | Reached skill level 5 in Air Magic
  9135 | D:8      | Noticed Erica
  9222 | D:8      | Killed Erica
  9223 | D:8      | Reached XP level 10. HP: 56/86 MP: 11/19
  9559 | D:8      | Reached ***** piety under Vehumet
  9891 | D:8      | Offered knowledge of Yara's Violent Unravelling by Vehumet.
 10056 | D:9      | Found a sacrificial altar of Ru.
 10116 | D:9      | Found a staircase to the Lair.
 10394 | D:9      | Found a radiant altar of Vehumet.
 10425 | D:9      | Noticed Prince Ribbit
 10430 | D:9      | Killed Prince Ribbit
 10582 | D:9      | Learned a level 5 spell: Iskenderun's Battlesphere
 10903 | Lair:1   | Entered Level 1 of the Lair of Beasts
 11068 | Lair:1   | Noticed Urug
 11082 | Lair:1   | Reached skill level 9 in Conjurations
 11096 | Lair:1   | Reached XP level 11. HP: 23/95 MP: 6/20
 11107 | Lair:1   | Killed Urug
 11783 | Lair:1   | Offered knowledge of Hailstorm by Vehumet.
 12194 | Lair:2   | Reached skill level 10 in Conjurations
 12498 | Lair:2   | Found a shimmering altar of Xom.
 12600 | Lair:2   | Noticed a five-headed hydra
 12614 | Lair:2   | Killed a five-headed hydra
 12987 | Lair:2   | Reached skill level 11 in Conjurations
 13126 | Lair:2   | Reached skill level 10 in Fighting
 13409 | Lair:2   | Noticed a five-headed hydra
 13418 | Lair:2   | Killed a five-headed hydra
 13420 | Lair:2   | Reached XP level 12. HP: 92/106 MP: 11/21
 13755 | Lair:2   | Noticed an eight-headed hydra
 13763 | Lair:2   | Killed an eight-headed hydra
 14449 | Lair:2   | Reached skill level 12 in Conjurations
 15255 | Lair:3   | Noticed a dire elephant
 15277 | Lair:3   | Killed a dire elephant
 15278 | Lair:3   | Reached skill level 13 in Conjurations
 15440 | Lair:3   | Found a hole to the Spider Nest.
 15843 | Lair:3   | Found a staircase to the Swamp.
 15960 | Lair:3   | Reached skill level 10 in Dodging
 15960 | Lair:3   | Reached XP level 13. HP: 105/116 MP: 2/22
 16674 | Lair:4   | You fall into a shaft and drop 2 floors!
 16674 | Lair:6   | Entered Level 6 of the Lair of Beasts
 16674 | Lair:6   | Found a frozen archway.
 16692 | Lair:6   | HP: 3/117 [ice dragon (9)]
 16694 | Lair:6   | Killed from afar by an ice dragon

Illustrated notes

Levels and vault maps discovered:
D:1:      kennysheep_arrival_seaside, layout_rooms
D:2:      layout_basic, chequers_ecumenical_altar_simple,
          uniq_crazy_yiuf_cottage
D:3:      layout_rooms, fedhas_ov_isle_minmay, portal_sewer_entry_f,
          elyvilon_altar_1
D:4:      layout_cave_pools, kennysheep_little_box,
          minmay_temple_entry_large_hall, serial_bayou, serial_bayou_ford_a,
          serial_bayou_pond_b, serial_bayou_pond_e, serial_bayou_shore_a,
          serial_bayou_lagoon_a, serial_bayou_lake_a
D:5:      layout_cave_pods, serial_shops, shop, grunt_qazlal_sundering
D:6:      layout_layer_cave, corner_web_ring, uniq_maggie
D:7:      layout_basic, xom_confusion_cloud, nicolae_overflow_hidden_temple,
          uniq_pikel
D:8:      layout_basic, skrybe_limestone_x, uniq_erica
D:9:      layout_grid_maze, vehumet_statue, nicolae_ru_great_annihilating_truth,
          erik_lair_island, hangedman_abyss_or_decor_lesser_grid,
          uniq_prince_ribbit1
Temple:   regret_index_temple_sphere_string
Lair:1:   layout_chaotic_city, serial_bayou_crossing, lemuel_fruit_fields,
          uniq_joseph, uniq_urug
Lair:2:   layout_roguey [special_room_bee], basic_altar, minmay_shattered_shrine
Lair:3:   mu_elephants_graveyard, layout_long_grid,
          nicolae_swamp_entry_splash_gauntlet, spider_nest_entry_rubble,
          serial_bayou_shore_b
Lair:4:   layout_regular_city, nzn_ghost_randoct, grunt_forest_large_clearings
Lair:6:   minmay_lair_end_frog_pond, layout_cave_pods,
          portal_ice_cave_entry_animals_and_master, serial_bayou_shore_b

Skill      XL: |  1  2  3  4  5  6  7  8  9 10 11 12 |
---------------+-------------------------------------+-----
Dodging        | 2 3 4 5 6 7 8 10 | 10.1
Fighting       | 1 2 3 4 6 7 8 10 11 | 11.7
Conjurations   | 5 6 7 8 9 11 13 | 13.4
Spellcasting   | 3 4 5 6 |  6.0
Air Magic      | 5 8 |  8.0
Shields        | 3 4 |  4.0
Stealth        | |  1.7

Action                   |  1- 3 |  4- 6 |  7- 9 | 10-12 | 13-15 || total
-------------------------+-------+-------+-------+-------+-------++-------
Melee: Unarmed           |     8 |       |       |       |       ||     8
       Mace              |    17 |       |       |       |       ||    17
       Quarterstaff      |     3 |    23 |     2 |       |       ||    28
       Tailslap          |     1 |     2 |    11 |     6 |       ||    20
       Trident           |       |       |   131 |    62 |     5 ||   198
 Cast: Magic Dart        |    12 |     4 |    14 |    79 |    10 ||   119
       Searing Ray       |    20 |    48 |    82 |   132 |     4 ||   286
       Static Discharge  |       |       |     4 |       |     7 ||    11
       Iskenderun's Batt |       |       |       |    39 |     6 ||    45
 Abil: Breathe Lightning |       |       |     1 |     2 |     1 ||     4
Evoke: Wand              |       |       |     6 |     2 |     2 ||    10
       Box of beasts     |       |       |       |       |     1 ||     1
  Use: Scroll            |       |       |     6 |     6 |       ||    12
       Potion            |       |       |       |     5 |     1 ||     6
 Stab: Sleeping          |     1 |     2 |       |       |       ||     3
       Paralysed         |       |       |     9 |       |       ||     9
Armor: Skin              |    19 |    34 |    38 |    63 |    17 ||   171
Dodge: Dodged            |    44 |    47 |   141 |   336 |    34 ||   602
Block: Buckler           |       |       |       |       |     8 ||     8

Table legend: (Time is in decaauts)
 A = Elapsed time spent in this place.
 B = Non-inter-level travel time spent in this place.
 C = Inter-level travel time spent in this place.
 D = Time resting spent in this place.
 E = Time spent auto-exploring this place.
 F = Levels seen in this place.
 G = Mean time per level.
                   A        B        C        D        E       F      G
               +--------+--------+--------+--------+--------+-----+--------+
         Total |  16858 |  16407 |    451 |   4310 |   9261 |  16 | 1053.6 |
       Dungeon |  10594 |  10306 |    288 |   2125 |   6273 |   9 | 1177.1 |
        Temple |    168 |    161 |      7 |      0 |    160 |   1 |  168.0 |
          Lair |   5802 |   5646 |    156 |   2071 |   2690 |   5 | 1160.4 |
         Sewer |    292 |    292 |      0 |    114 |    138 |   1 |  292.0 |
               +--------+--------+--------+--------+--------+-----+--------+

Top non-repeatable levels by time:
  Lair:2: 2427 daAuts
  Lair:3: 1958 daAuts
     D:2: 1690 daAuts
  Lair:1: 1330 daAuts
     D:6: 1271 daAuts
     D:1: 1252 daAuts
     D:7: 1245 daAuts
     D:5: 1191 daAuts
     D:4: 1101 daAuts
     D:3: 1049 daAuts
     D:9: 944 daAuts
     D:8: 848 daAuts
   Sewer: 292 daAuts
  Temple: 168 daAuts
  Lair:4: 66 daAuts
